 Dungeon Crawl Stone Soup version 0.30-a0-457-g4b7bca3bfa (webtiles) character file.

Game seed: 1308783003842579058

2282 vineage the Fighter (level 9, 0/97 HPs)
             Began as an Ogre Fighter on Dec 12, 2022.
             Was a Follower of Okawaru.
             Hit by a boomerang thrown by a gnoll (5 damage)
             ... on level 6 of the Dungeon.
             The game lasted 00:09:14 (6643 turns).

vineage the Fighter (Ogre Fighter)                  Turns: 6643, Time: 00:09:15

Health: 0/97       AC:  6    Str: 24    XL:     9   Next: 39%
Magic:  9/9        EV: 11    Int:  9    God:    Okawaru [*.....]
Gold:   310        SH:  0    Dex:  8    Spells: 8/8 levels left

rFire   . . .      SeeInvis +    e - +0 giant club
rCold   . . .      Faith    .    (shield currently unavailable)
rNeg    . . .      Spirit   .    b - +1 robe
rPois   .          Reflect  .    i - +2 hat
rElec   .          Harm     .    p - scarf {shadows}
rCorr   .          Rampage  .    (gloves unavailable)
Will    .....                    (boots unavailable)
Stlth   +.........               (no amulet)
HPRegen 0.36/turn                m - ring of see invisible
MPRegen 0.11/turn                (no ring)

@: lethally poisoned (0 -> -6), hasted, very quick
A: large, unfitting armour, tough skin 1, talons 1, weak 1
a: Renounce Religion, Heroism


You were on level 6 of the Dungeon.
You worshipped Okawaru.
Okawaru was aware of your devotion.
You visited 1 branch of the dungeon, and saw 6 of its levels.

You collected 310 gold pieces.

Inventory:

Hand Weapons
 a - a +1 flail
 e - a +0 giant club (weapon)
Missiles
 g - 6 throwing nets (quivered)
Armour
 b - a +1 robe (worn)
 c - a +0 kite shield
 i - a +2 hat (worn)
 p - a scarf of shadows (worn)
Jewellery
 m - a ring of see invisible (left hand)
Scrolls
 f - 2 scrolls of amnesia
 h - 4 scrolls of identify
 l - a scroll of enchant armour
 n - a scroll of enchant weapon
Potions
 j - a potion of might
 k - a potion of attraction
 s - 2 potions of brilliance {unknown}
 t - a potion of flight {unknown}


   Skills:
 + Level 8.9 Fighting
 * Level 8.1 Maces & Flails
 + Level 6.2 Dodging
 - Level 3.0 Shields


You had 8 spell levels left.
You didn't know any spells.
Your spell library contained the following spells:

 Spells                   Type           Power      Damage    Failure   Level
 Freeze                   Ice            0%         1d3       38%         1
 Sandblast                Erth           0%         2d4       38%         1
 Passwall                 Tmut/Erth      0%         N/A       52%         2
 Frozen Ramparts          Ice            0%         1d1       77%         3
 Gell's Gravitas          Tloc           0%         N/A       77%         3
 Hailstorm                Conj/Ice       0%         3d3       77%         3
 Lesser Beckoning         Tloc           0%         N/A       77%         3
 Stone Arrow              Conj/Erth      0%         3d7       77%         3
 Teleport Other           Tloc           0%         N/A       77%         3


Dungeon Overview and Level Annotations

Branches:
Dungeon (6/15)             Temple (0/1) D:6

Altars:
Cheibriados
Fedhas
Gozag
Kikubaaqudgha
Nemelex Xobeh
Okawaru
Qazlal
The Shining One

Shops:
D:6 *!


Innate Abilities, Weirdness & Mutations

You are too large for most types of armour.
You have tough skin. (AC +1)
You have sharp toenails.
You are weak. (Str -2)


Message History

The gnoll sergeant throws a stone.
The stone closely misses you. The gnoll hits you but does no damage.
You completely miss the gnoll. Your kick misses the gnoll.
The gnoll sergeant hits you from afar with a +0 spear of venom.
* * * LOW HITPOINT WARNING * * *
You are poisoned.
The gnoll hits you with a +0 flail.
* * * LOW HITPOINT WARNING * * *
You completely miss the gnoll. You claw the gnoll!
The gnoll is heavily wounded.
You feel very sick.
The gnoll hits you from afar with a +0 spear.
* * * LOW HITPOINT WARNING * * *
The gnoll sergeant hits you but does no damage.
You are lethally poisoned!
You hammer the gnoll like a gong!!!
You kill the gnoll!
Okawaru accepts your kill.
* * * LOW HITPOINT WARNING * * *
You feel very sick. The gnoll closely misses you.
You feel better.
The gnoll sergeant throws a stone.
The stone barely misses you.
The gnoll hits you from afar with a +0 spear!
* * * LOW HITPOINT WARNING * * *
The gnoll sergeant hits you from afar with a +0 spear of venom.
* * * LOW HITPOINT WARNING * * *
You are poisoned.
Things that are here:
a throwing net; a gnoll corpse
* * * LOW HITPOINT WARNING * * *
You feel sick.
Things that are here:
a +0 club; a +0 leather armour
* * * LOW HITPOINT WARNING * * *
You feel sick.
The gnoll throws a boomerang.
The boomerang hits you.
* * * LOW HITPOINT WARNING * * *
* * * LOW HITPOINT WARNING * * *
You feel sick.
The gnoll throws a boomerang.
The boomerang hits you.
You die...

.........##.....≈.# #
..............#.≈.## #
#...##..##....#.≈..## #.
##
.........#...)).≈...##..
#.
..#....#.....##.≈≈......
..
........###.###..≈≈....#
.... .......## ###
##..≈....## #....
........#
#..≈5....####.....
#......∩#
#@.≈gg....##......
......###
#..≈≈.g..........≈
......#
##.)≈≈≈≈≈≈≈≈≈g..≈≈
.....##
##(g.))(.........
##...## #########.......
##....# #....... #....##
###..... ###.## #####
#.#


You could see a gnoll sergeant, 3 gnolls and a shadow imp.

Vanquished Creatures
  A steam dragon (D:5)
  4 black bears
  An ogre (D:5)
  A phantom (D:5)
  A necrophage (D:5)
  A bullfrog (D:6)
  3 gnoll sergeants (D:6)
  4 scorpions
  2 jellies
  2 orc priests
  5 hounds
  3 gnoll boudas (D:6)
  5 iguanas
  4 orc wizards
  18 gnolls (D:6)
  12 adders
  8 river rats (D:5)
  A white imp (D:5)
  An ufetubus (D:5)
  A worm (D:3)
  2 dart slugs
  24 orcs
  7 bats
  8 endoplasms
  5 giant cockroaches
  7 goblins
  3 hobgoblins
  6 jackals
  13 kobolds
  10 quokkas
  9 ball pythons
  5 frilled lizards
  17 rats
194 creatures vanquished.

Notes
Turn   | Place    | Note
-------+----------+-------------------------------------------
     0 | D:1      | vineage the Ogre Fighter began the quest for the Orb.
     0 | D:1      | Reached XP level 1. HP: 24/24 MP: 1/1
   137 | D:1      | Reached XP level 2. HP: 32/32 MP: 2/2
   364 | D:1      | Reached XP level 3. HP: 40/40 MP: 3/3
   828 | D:2      | Reached XP level 4. HP: 31/49 MP: 4/4
  1897 | D:3      | Reached skill level 5 in Fighting
  2050 | D:4      | Noticed a scorpion
  2077 | D:3      | Reached XP level 5. HP: 44/57 MP: 5/5
  2269 | D:4      | Reached XP level 6. HP: 29/66 MP: 6/6
  2930 | D:4      | Reached XP level 7. HP: 41/75 MP: 7/7
  2934 | D:4      | Gained mutation: You have sharp toenails. [potion of
                  | mutation]
  2934 | D:4      | Gained mutation: You are weak. (Str -2) [potion of
                  | mutation]
  2942 | D:4      | Reached skill level 5 in Maces & Flails
  3272 | D:5      | Entered Level 5 of the Dungeon
  4064 | D:5      | Reached XP level 8. HP: 56/84 MP: 8/8
  4446 | D:5      | Reached skill level 5 in Dodging
  4515 | D:5      | Found an ancient bone altar of Kikubaaqudgha.
  4518 | D:5      | Found a snail-covered altar of Cheibriados.
  4518 | D:5      | Found an opulent altar of Gozag.
  4518 | D:5      | Found a blossoming altar of Fedhas.
  4519 | D:5      | Found an iron altar of Okawaru.
  4519 | D:5      | Found a glowing golden altar of the Shining One.
  4519 | D:5      | Found a sparkling altar of Nemelex Xobeh.
  4519 | D:5      | Found a stormy altar of Qazlal.
  4532 | D:5      | Became a worshipper of Warmaster Okawaru
  5471 | D:6      | Found Qaitioh's General Store.
  5471 | D:6      | Found a staircase to the Ecumenical Temple.
  5490 | D:6      | Found Weireiz's Distillery.
  5511 | D:6      | Reached * piety under Okawaru
  5592 | D:6      | Reached XP level 9. HP: 96/96 MP: 9/9
  6643 | D:6      | Hit by a boomerang thrown by a gnoll

Illustrated notes

Levels and vault maps discovered:
D:1:      sevenhm_arrival_forest_fort_small_3, layout_basic
D:2:      layout_rooms
D:3:      layout_basic
D:4:      minmay_chambers_of_threes, layout_rooms
D:5:      lemuel_ratsnest, layout_basic, grunt_temple_overflow_open
D:6:      layout_cave_pools, minmay_temple_entry_slanted, serial_gnoll_camp,
          gnoll_camp_mini_hut, gnoll_camp_medium_02, gnoll_camp_mini_hut,
          gnoll_camp_mini_house, gnoll_camp_huts_moat, serial_shops, shop, shop,
          minmay_misc_feat_four_crosses, minmay_strange_pillars, minivault_23

Skill      XL: |  1  2  3  4  5  6  7  8  9 |
---------------+----------------------------+-----
Maces & Flails | 2 3 4 5 7 8 |  8.1
Dodging        | 3 4 5 6 |  6.2
Fighting       | 5 6 8 |  8.9
Shields        | |  3.0

Action                   |  1- 3 |  4- 6 |  7- 9 || total
-------------------------+-------+-------+-------++-------
Melee: Flail             |    91 |   186 |    21 ||   298
       Giant club        |       |       |   282 ||   282
       Kick              |       |       |    54 ||    54
Invok: Heroism           |       |       |     1 ||     1
  Use: Scroll            |       |    10 |     3 ||    13
       Potion            |       |     3 |     7 ||    10
 Stab: Distracted        |       |       |     1 ||     1
Armor: Robe              |    42 |    83 |   127 ||   252
Dodge: Dodged            |    39 |   129 |   259 ||   427
Block: Kite shield       |    48 |    94 |     8 ||   150

Table legend: (Time is in decaauts)
 A = Elapsed time spent in this place.
 B = Non-inter-level travel time spent in this place.
 C = Inter-level travel time spent in this place.
 D = Time resting spent in this place.
 E = Time spent auto-exploring this place.
 F = Levels seen in this place.
 G = Mean time per level.
                   A        B        C        D        E       F      G
               +--------+--------+--------+--------+--------+-----+--------+
         Total |   6812 |   6656 |    156 |   1737 |   3501 |   6 | 1135.3 |
       Dungeon |   6812 |   6656 |    156 |   1737 |   3501 |   6 | 1135.3 |
               +--------+--------+--------+--------+--------+-----+--------+

Top non-repeatable levels by time:
     D:5: 2066 daAuts
     D:6: 1366 daAuts
     D:4: 1059 daAuts
     D:3: 906 daAuts
     D:1: 779 daAuts
     D:2: 634 daAuts
